Description

Solar v TYTY: Game 2 - Cyber Forest LE

VOD

https://www.youtube.com/watch?v=jA6gWTMunew&list=PLhCH_nPE4JTpm5HGlNkIqJtnbUnBSfl4F&index=10

Replay - Solar v TYTY: Game 2 - Cyber Forest LE

Build Order

Get SALT Encoding   

  12  0:00  SCV  
  13  0:12  SCV  
  14  0:17  Supply Depot  
  14  0:24  SCV  
  15  0:38  SCV  
  15  0:40  Barracks  
  16  0:43  Refinery  
  16  0:50  SCV  
  17  1:03  SCV  
  18  1:15  SCV  
  19  1:27  Reaper  
  19  1:28  Orbital Command  
  20  1:39  Command Center  
  20  1:47  Supply Depot  
  20  1:53  SCV  
  21  1:59  Marine  
  22  2:06  SCV  
  23  2:08  Factory  
  23  2:16  Marine  
  23  2:18  SCV  
  25  2:35  Barracks  
  25  2:36  Barracks Reactor  
  27  2:52  Orbital Command  
  28  3:04  Command Center  
  29  3:15  Hellion x2  
  29  3:17  Barracks Tech Lab  
  34  3:24  Barracks Reactor  
  35  3:27  Refinery  
  37  3:37  Hellion x2  
  41  3:47  Stimpack  
  42  3:50  Marine  
  44  4:02  Marine  
  46  4:05  Starport  
  46  4:07  Supply Depot  
  46  4:12  Factory Tech Lab  
  46  4:15  Marine x2  
  46  4:16  Supply Depot  
  46  4:17  Orbital Command  
  50  4:20  Marine  
  52  4:36  Marine x2, Refinery x2  
  54  4:41  Marine  
  58  4:45  Medivac x2  
  58  4:49  Engineering Bay x2  
  66  5:05  Supply Depot  
  69  5:09  Siege Tank  
  73  5:17  Terran Infantry Weapons Level 1  
  75  5:26  Terran Infantry Armor Level 1  
  75  5:27  Barracks  
  79  5:35  Starport Reactor  
  79  5:43  Siege Tank  
  79  5:49  Orbital Command  
  85  5:50  Combat Shield  
  90  6:10  Liberator x2  
  89  6:18  Siege Tank  
  112  6:46  Armory  
  113  6:53  Barracks x2  
  115  6:56  Siege Tank  
  115  6:58  Refinery  
  125  7:10  Medivac x2  
  116  7:40  Medivac x2  
  120  7:47  Barracks Reactor x2  
  119  7:53  Siege Tank  
  119  8:04  Refinery  
  119  8:05  Factory  
  126  8:06  Command Center  
  127  8:18  Drilling Claws  
  130  8:24  Terran Infantry Weapons Level 2  
  132  8:30  Widow Mine  
  132  8:47  Terran Infantry Armor Level 2  
  133  8:48  Missile Turret  
  133  8:50  Liberator x2  
  133  8:51  Factory Reactor  
  133  9:07  Widow Mine  
  133  9:09  Command Center, Marauder  
  149  9:13  Terran Vehicle And Ship Armor Level 1  
  151  9:28  Widow Mine x2  
  155  9:33  Marauder  
  163  9:44  Barracks x2  
  163  9:49  Planetary Fortress  
  163  9:51  Liberator x2  
Spawning Tool Build Advisor. Get it on Overwolf

Analysis

Solar v TYTY: Game 2 - Cyber Forest LE

Go to:

Details

  • Created by: Mediceye
  • Published on: Jun 18, 2019
  • Modified on: Jun 18, 2019
  • Patch: 4.7.1
Show
View Real Time Build Order
Export as new Build Order

Comments (2)

On June 18, 2019, 4:48 p.m., federichech  said:

Ok my mistake didnt see it, sorry lol

On June 18, 2019, 4:47 p.m., federichech  said:

25 2:35 Barracks
this rax doesnt exist in the replay, pls delete it from the build order.

Create an account to comment!